 Dungeon Crawl Stone Soup version 0.24.0-13-gcf9b319 (webtiles) character file.

Game seed: 9698471037087256188, levelgen mode: deterministic

232 Fang the Skirmisher (level 6, 0/58 HPs)
             Began as a Gargoyle Berserker on Nov 13, 2019.
             Was a Believer of Trog.
             Slain by a gnoll
             ... wielding a +0 halberd
              (15 damage)
             ... on level 3 of the Dungeon.
             The game lasted 00:01:53 (2219 turns).

Fang the Skirmisher (Gargoyle Berserker)            Turns: 2219, Time: 00:01:54

Health: 0/58       AC:  6    Str: 28    XL:     6   Next: 4%
Magic:  6/6        EV: 12    Int:  7    God:    Trog [**....]
Gold:   96         SH:  0    Dex:  9    Spells: 5/5 levels left

rFire    . . .     SeeInvis .   a - +0 hand axe
rCold    . . .     Gourm    +   (no shield)
rNeg     + . .     Faith    .   b - +0 animal skin
rPois    ∞         Spirit   .   (no helmet)
rElec    +         Reflect  .   (no cloak)
rCorr    .         Harm     .   (no gloves)
MR       .....                  (no boots)
Stlth    ..........             p - amulet of the gourmand
HPRegen  0.19/turn              (no ring)
MPRegen  0.10/turn              (no ring)

@: berserking (expiring), very quick
A: negative energy resistance 1, electricity resistance, unbreathing,
petrification resistance, rot immunity, AC +4
a: Berserk, Trog's Hand, Renounce Religion


You were on level 3 of the Dungeon.
You worshipped Trog.
Trog was pleased with you.
You were not hungry.

You visited 1 branch of the dungeon, and saw 3 of its levels.

You collected 96 gold pieces.

Inventory:

Hand Weapons
 a - a +0 hand axe (weapon)
Armour
 b - a +0 animal skin (worn)
Jewellery
 p - an amulet of the gourmand (around neck)
Scrolls
 e - 4 scrolls of identify {unknown}
 f - a scroll of fog {unknown}
 j - a scroll of fear {unknown}
 k - a scroll of immolation {unknown}
 l - 3 scrolls of teleportation {unknown}
 n - 2 scrolls of remove curse {unknown}
 o - a scroll of amnesia {unknown}
Potions
 d - 3 potions of curing {unknown}
 g - a potion of brilliance {unknown}
 h - a potion of magic {unknown}
 i - a potion of degeneration {unknown}
 m - a potion of lignification {unknown}
Comestibles
 c - 2 rations


   Skills:
 + Level 4.5 Fighting
 + Level 3.7 Axes
 + Level 3.8 Armour
 + Level 2.8 Dodging


You had 5 spell levels left.
You didn't know any spells.
Your spell library was empty.

Dungeon Overview and Level Annotations

Branches:
Dungeon (3/15)

Altars:
Fedhas
Wu Jian


Innate Abilities, Weirdness & Mutations

You are resistant to torment.
Your stone body is resilient. (AC +4)
You are immune to poison.
You resist negative energy. (rN+)
You are resistant to electric shocks. (rElec)
You can survive without breathing.
You are immune to petrification.
You are immune to rotting.


Message History

The gnoll barely misses you.
You hit the gnoll.
The gnoll is heavily wounded.
A gnoll comes into view. It is wielding a +0 whip.
The gnoll shouts!
You slash the gnoll!
You feel the power of Trog in you as your rage grows.
You kill the gnoll!
Trog accepts your kill.
You have reached level 6!
Your experience leads to an increase in your attributes!
Your base attributes are Str 22, Int 7, Dex 9.
Increase (S)trength, (I)ntelligence, or (D)exterity?
You feel stronger.
You hear a shout! x2
A gnoll comes into view. It is wielding a +0 halberd.
You are too injured to fight recklessly!
You feel a strong urge to attack something.
The gnoll hits you with a +0 halberd!
You die...

..## #...#
#.#######.#.#
#.........#.####
########.##>##..
#.##.##.#
#.##.##.# .
#.##.##g## .⌠.
#.##...#.###.....
#.#####..@g..#
#.# #.####.....
#.# #.# ### #.#
#.# #.# #.# #.#


You could see 2 gnolls.

Vanquished Creatures
  A centaur (D:2)
  A worker ant (D:2)
  Natasha (D:3)
  3 adders (D:2)
  A gnoll (D:3)
  An ooze (D:2)
  A worm (D:2)
  3 dart slugs
  2 leopard geckos (D:2)
  6 bats
  3 giant cockroaches
  7 goblins
  4 hobgoblins
  3 jackals (D:2)
  6 frilled lizards
  8 kobolds
  5 rats
56 creatures vanquished.

Notes
Turn   | Place    | Note
-------+----------+-------------------------------------------
     0 | D:1      | Fang the Gargoyle Berserker began the quest for the Orb.
     0 | D:1      | Reached XP level 1. HP: 14/14 MP: 1/1
     5 | D:1      | You fall into a shaft and drop 1 floor!
    79 | D:2      | Reached XP level 2. HP: 13/19 MP: 2/2
   130 | D:2      | Found a blossoming altar of Fedhas.
   261 | D:2      | Reached XP level 3. HP: 14/23 MP: 3/3
   566 | D:2      | Reached XP level 4. HP: 23/29 MP: 4/4
   745 | D:2      | Noticed a centaur
   755 | D:2      | Reached ** piety under Trog
   755 | D:2      | Reached skill level 4 in Fighting
   759 | D:2      | Killed a centaur
   759 | D:2      | Reached XP level 5. HP: 15/34 MP: 5/5
  2115 | D:3      | Noticed Natasha
  2126 | D:3      | Killed Natasha
  2165 | D:3      | Found an ornate altar of the Wu Jian Council.
  2216 | D:3      | Reached XP level 6. HP: 14/39 MP: 6/6
  2219 | D:3      | Slain by a gnoll

Levels and vault maps discovered:
D:1:      minmay_arrival_radiant_lines, layout_basic,
          kennysheep_decorative_pillar
D:2:      layout_loops_corners, fedhas_altar_4
D:3:      layout_loops_ring, elyvilon_altar_5, old_standard_altar,
          old_standard_altar, uniq_natasha

Skill      XL: |  1  2  3  4 |
---------------+-------------+-----
Axes           | 3 |  3.7
Dodging        | 2 |  2.8
Armour         | 3 |  3.8
Fighting       | 4 |  4.5

Action                   |  1- 3 |  4- 6 || total
-------------------------+-------+-------++-------
Melee: Hand axe          |    69 |   148 ||   217
Invok: Berserk           |       |     2 ||     2
  Eat: Chunk             |       |    17 ||    17
Armor: Animal skin       |    26 |    62 ||    88
Dodge: Dodged            |    67 |    97 ||   164
